BSA
NEVADA NOISE @ ORLANDO CALRISSIAN
07/26/2030
 
TOP OF THE 1ST
Nevada Noise batting - Pitching for Orlando Calrissian : LHP Mark Collins
Pitching: LHP Mark Collins
Batting: RHB Fernando Gálvez 0-0: Swinging Strike
0-1: Ball
1-1: Fly out, F6 (Popup, 6D)
Batting: RHB Bill Mark 0-0: Foul Ball, location: 2F
0-1: DOUBLE (Flyball, 8LD)
Batting: LHB Greg Nelson 0-0: Ball
1-0: Ground out 6-3 (Groundball, 56)
Batting: RHB Luis Cruz 0-0: Fly out, F8 (Flyball, 8LS)
Top of the 1st over - 0 runs, 1 hit, 0 errors, 1 left on base; Nevada 0 - Orlando 0
BOTTOM OF THE 1ST
Orlando Calrissian batting - Pitching for Nevada Noise : RHP Cliff Long
Pitching: RHP Cliff Long
Batting: RHB Jesús Gonzáles 0-0: Ground out 5-3 (Groundball, 56S)
Batting: SHB Tim Abbott 0-0: Ball
1-0: Fly out, F7 (Line Drive, 7)
Batting: RHB Rich Anderson 0-0: Ball
1-0: Ground out 5-3 (Groundball, 56)
Bottom of the 1st over - 0 runs, 0 hits, 0 errors, 0 left on base; Nevada 0 - Orlando 0
TOP OF THE 2ND
Nevada Noise batting - Pitching for Orlando Calrissian : LHP Mark Collins
Batting: RHB Iván Gonzáles 0-0: Ball
1-0: Called Strike
1-1: Ball
2-1: Foul Ball, location: 2F
2-2: Ball
3-2: Strikes out looking
Batting: RHB José Aguilera 0-0: Called Strike
0-1: Swinging Strike
0-2: Ball
1-2: Ball
2-2: Ball
3-2: Ground out 5-3 (Groundball, 56)
Batting: SHB Nate Rhodes 0-0: Ball
1-0: Foul Ball, location: 2F
1-1: Swinging Strike
1-2: Ball
2-2: Strikes out swinging
Top of the 2nd over - 0 runs, 0 hits, 0 errors, 0 left on base; Nevada 0 - Orlando 0
BOTTOM OF THE 2ND
Orlando Calrissian batting - Pitching for Nevada Noise : RHP Cliff Long
Batting: RHB Raúl Canó 0-0: Called Strike
0-1: Ball
1-1: Foul Ball, location: 2F
1-2: Foul Ball, location: 2F
1-2: Fly out, F7 (Flyball, 7LSF)
Batting: RHB Gabriel Ángel 0-0: Ball
1-0: Swinging Strike
1-1: Ball
2-1: SINGLE (Line Drive, 89S)
Batting: LHB Juan Colón 0-0: Called Strike
0-1: Ground out 4-3 (Groundball, 34)
Gabriel Ángel to second
Batting: RHB Griswold Coleman 0-0: Foul Ball, location: 2F
0-1: DOUBLE (Line Drive, 78M)
Gabriel Ángel scores
Batting: RHB Frederico Hernández 0-0: Called Strike
0-1: Ball
1-1: Ball
2-1: Ball
Wild Pitch!
Griswold Coleman to third
3-1: Called Strike
3-2: Foul Ball, location: 2F
3-2: Base on Balls
Batting: RHB Robby Lewis 0-0: Called Strike
0-1: Swinging Strike
0-2: Foul Ball, location: 2F
0-2: Ground out 5-3 (Groundball, 56S)
Bottom of the 2nd over - 1 run, 2 hits, 0 errors, 2 left on base; Nevada 0 - Orlando 1
TOP OF THE 3RD
Nevada Noise batting - Pitching for Orlando Calrissian : LHP Mark Collins
Batting: LHB Milton Watson 0-0: DOUBLE (Line Drive, 5D)
Batting: SHB Derek Roach 0-0: Called Strike
0-1: Called Strike
0-2: Ball
1-2: Ball
2-2: Foul Ball, location: 2F
2-2: Ground out U3 (Groundball, 34)
Milton Watson to third
Batting: RHB Fernando Gálvez 0-0: Ball
1-0: Swinging Strike
1-1: Ball
2-1: Ball
3-1: Swinging Strike
3-2: Ground out 4-3 (Groundball, 4)
Milton Watson scores
Batting: RHB Bill Mark 0-0: Ball
1-0: Swinging Strike
1-1: Ball
2-1: Foul Ball, location: 2F
2-2: Ball
3-2: Foul Ball, location: 2F
3-2: Fly out, F7 (Flyball, 78S)
Top of the 3rd over - 1 run, 1 hit, 0 errors, 0 left on base; Nevada 1 - Orlando 1
BOTTOM OF THE 3RD
Orlando Calrissian batting - Pitching for Nevada Noise : RHP Cliff Long
Batting: RHB Jesús Gonzáles 0-0: Ball
1-0: Called Strike
1-1: Called Strike
1-2: Strikes out swinging
Batting: SHB Tim Abbott 0-0: Ball
1-0: Fly out, F7 (Flyball, 7)
Batting: RHB Rich Anderson 0-0: Ball
1-0: Ground out 6-3 (Groundball, 6MS)
Bottom of the 3rd over - 0 runs, 0 hits, 0 errors, 0 left on base; Nevada 1 - Orlando 1
TOP OF THE 4TH
Nevada Noise batting - Pitching for Orlando Calrissian : LHP Mark Collins
Batting: LHB Greg Nelson 0-0: Ball
1-0: Ball
2-0: Called Strike
2-1: Ball
3-1: Base on Balls
Batting: RHB Luis Cruz 0-0: Ball
1-0: Fly out, F8 (Flyball, 8RM)
Batting: RHB Iván Gonzáles 0-0: SINGLE (Flyball, 89M)
Greg Nelson to second
Runner from 2nd tries for 3rd, SAFE, no throw
Batting: RHB José Aguilera 0-0: Called Strike
0-1: SINGLE (Groundball, 34D)
Greg Nelson scores
Iván Gonzáles to second
Runner from 2nd tries for 3rd, SAFE, no throw
Batting: SHB Nate Rhodes 0-0: Foul Ball, location: 2F
0-1: Ball
1-1: SINGLE (Groundball, 4MD)
Iván Gonzáles scores
José Aguilera to second
Runner from 2nd tries for 3rd, SAFE, no throw
Batting: LHB Milton Watson 0-0: Ball
1-0: Ball
2-0: Called Strike
2-1: Foul Ball, location: 2F
2-2: Foul Ball, location: 2F
2-2: Foul Ball, location: 2F
2-2: SINGLE (Groundball, 6MS) (infield hit)
José Aguilera scores
Nate Rhodes to second
Batting: SHB Derek Roach 0-0: Foul Ball, location: 2F
0-1: Swinging Strike
0-2: Ball
1-2: SINGLE (Groundball, 3D)
Nate Rhodes to third
Milton Watson to second
Batting: RHB Fernando Gálvez 0-0: Called Strike
0-1: DOUBLE (Flyball, 9D)
Nate Rhodes scores
Milton Watson scores
Derek Roach to third
Batting: RHB Bill Mark 0-0: Reached on error, E5 (Groundball, 5)
Derek Roach scores
Fernando Gálvez scores
Batting: LHB Greg Nelson 0-0: Ball
1-0: Called Strike
1-1: Fly out, F5 (Popup, 5S)
Batting: RHB Luis Cruz 0-0: Ball
1-0: Ball
2-0: Ball
3-0: Foul Ball, location: 2F
3-1: Foul Ball, location: 2F
3-2: Base on Balls
Batting: RHB Iván Gonzáles 0-0: Called Strike
0-1: Ball
1-1: Ball
2-1: Swinging Strike
2-2: Strikes out swinging
Top of the 4th over - 7 runs, 6 hits, 1 error, 2 left on base; Nevada 8 - Orlando 1
BOTTOM OF THE 4TH
Orlando Calrissian batting - Pitching for Nevada Noise : RHP Cliff Long
Batting: RHB Raúl Canó 0-0: Ball
1-0: Called Strike
1-1: Fly out, F9 (Flyball, 9S)
Batting: RHB Gabriel Ángel 0-0: Ball
1-0: Called Strike
1-1: Ball
2-1: Foul Ball, location: 2F
2-2: Fly out, F9 (Flyball, 89S)
Batting: LHB Juan Colón 0-0: Ball
1-0: Swinging Strike
1-1: Ball
2-1: Ground out 4-3 (Groundball, 4)
Bottom of the 4th over - 0 runs, 0 hits, 0 errors, 0 left on base; Nevada 8 - Orlando 1
TOP OF THE 5TH
Nevada Noise batting - Pitching for Orlando Calrissian : LHP Mark Collins
Batting: RHB José Aguilera 0-0: Called Strike
0-1: Ball
1-1: Ball
2-1: Swinging Strike
2-2: Strikes out looking
Batting: SHB Nate Rhodes 0-0: Foul Ball, location: 2F
0-1: Swinging Strike
0-2: Ball
1-2: Strikes out swinging
Batting: LHB Milton Watson 0-0: Ball
1-0: Ball
2-0: Called Strike
2-1: Foul Ball, location: 2F
2-2: Fly out, F8 (Flyball, 8LS)
Top of the 5th over - 0 runs, 0 hits, 0 errors, 0 left on base; Nevada 8 - Orlando 1
BOTTOM OF THE 5TH
Orlando Calrissian batting - Pitching for Nevada Noise : RHP Cliff Long
Batting: RHB Griswold Coleman 0-0: Ball
1-0: Called Strike
1-1: Ground out 1-3 (Groundball, P)
Batting: RHB Frederico Hernández 0-0: Ball
1-0: Fly out, F7 (Line Drive, 7)
Batting: RHB Robby Lewis 0-0: Ball
1-0: Ball
2-0: Called Strike
2-1: Foul Ball, location: 2F
2-2: Ground out 3-1 (Groundball, 34S)
Bottom of the 5th over - 0 runs, 0 hits, 0 errors, 0 left on base; Nevada 8 - Orlando 1
TOP OF THE 6TH
Nevada Noise batting - Pitching for Orlando Calrissian : LHP Mark Collins
Pitching: LHP Keith Jennings
Batting: SHB Derek Roach 0-0: Foul Ball, location: 2F
0-1: Called Strike
0-2: Foul Ball, location: 2F
0-2: Foul Ball, location: 2F
0-2: Ball
1-2: Ground out U3 (Groundball, 3)
Batting: RHB Fernando Gálvez 0-0: Ball
1-0: Swinging Strike
1-1: Ball
2-1: Foul Ball, location: 2F
2-2: Ball
3-2: DOUBLE (Groundball, 5L)
Batting: RHB Bill Mark 0-0: Ball
1-0: Foul Ball, location: 2F
1-1: Ground out 6-3 (Groundball, 6)
Fernando Gálvez to third
Batting: LHB Greg Nelson 0-0: Ball
1-0: Ball
2-0: Foul Ball, location: 2F
2-1: Foul Ball, location: 2F
2-2: Ball
3-2: Foul Ball, location: 2F
3-2: Base on Balls
Batting: RHB Luis Cruz 0-0: Swinging Strike
0-1: Ball
1-1: Foul Ball, location: 2F
1-2: Foul Ball, location: 2F
1-2: Fielders Choice at 2nd, 6-4 (Groundball, 6)
Top of the 6th over - 0 runs, 1 hit, 0 errors, 2 left on base; Nevada 8 - Orlando 1
BOTTOM OF THE 6TH
Orlando Calrissian batting - Pitching for Nevada Noise : RHP Cliff Long
Batting: RHB Jesús Gonzáles 0-0: Fly out, F8 (Flyball, 8RM)
Batting: SHB Tim Abbott 0-0: Foul Ball, location: 2F
0-1: Swinging Strike
0-2: Strikes out looking
Batting: RHB Rich Anderson 0-0: Called Strike
0-1: Ball
1-1: Ball
2-1: Ball
3-1: Called Strike
3-2: Ground out 5-3 (Groundball, 56S)
Bottom of the 6th over - 0 runs, 0 hits, 0 errors, 0 left on base; Nevada 8 - Orlando 1
TOP OF THE 7TH
Nevada Noise batting - Pitching for Orlando Calrissian : LHP Keith Jennings
Batting: RHB Iván Gonzáles 0-0: Ball
1-0: Ball
2-0: Called Strike
2-1: Foul Ball, location: 2F
2-2: Ground out 6-3 (Groundball, 6)
Batting: RHB José Aguilera 0-0: Ball
1-0: Foul Ball, location: 2F
1-1: Called Strike
1-2: Ball
2-2: Foul Ball, location: 2F
2-2: Ball
3-2: Base on Balls
Batting: SHB Nate Rhodes 0-0: Ground out 3-1 (Groundball, 34S)
José Aguilera to second
Batting: LHB Milton Watson 0-0: Ball
1-0: Ball
2-0: Called Strike
2-1: SINGLE (Groundball, 34D)
José Aguilera to third
Runner from 3rd tries for Home, SAFE, throw made home
Batting: SHB Derek Roach 0-0: Called Strike
0-1: Fly out, F9 (Flyball, 9LM)
Top of the 7th over - 1 run, 1 hit, 0 errors, 1 left on base; Nevada 9 - Orlando 1
BOTTOM OF THE 7TH
Orlando Calrissian batting - Pitching for Nevada Noise : RHP Cliff Long
Batting: RHB Raúl Canó 0-0: Called Strike
0-1: Foul Ball, location: 2F
0-2: Ball
1-2: Foul Ball, location: 2F
1-2: Fly out, F7 (Flyball, 78S)
Batting: RHB Gabriel Ángel 0-0: Fly out, F8 (Flyball, 89M)
Batting: LHB Juan Colón 0-0: Called Strike
0-1: Swinging Strike
0-2: Ball
1-2: Strikes out swinging
Bottom of the 7th over - 0 runs, 0 hits, 0 errors, 0 left on base; Nevada 9 - Orlando 1
TOP OF THE 8TH
Nevada Noise batting - Pitching for Orlando Calrissian : LHP Keith Jennings
Batting: RHB Fernando Gálvez 0-0: Ball
1-0: SINGLE (Line Drive, 6)
Batting: RHB Bill Mark 0-0: Called Strike
0-1: Grounds into double play, 5-4-3 (Groundball, 56)
Batting: LHB Greg Nelson 0-0: Ball
1-0: Called Strike
1-1: Called Strike
1-2: Ball
2-2: Strikes out swinging
Top of the 8th over - 0 runs, 1 hit, 0 errors, 0 left on base; Nevada 9 - Orlando 1
BOTTOM OF THE 8TH
Orlando Calrissian batting - Pitching for Nevada Noise : RHP Cliff Long
Batting: RHB Griswold Coleman 0-0: Foul Ball, location: 2F
0-1: Ball
1-1: Swinging Strike
1-2: Foul Ball, location: 2F
1-2: Ground out 6-3 (Groundball, 6)
Pinch Hitting: RHB Sean White 0-0: Called Strike
0-1: Fly out, F8 (Flyball, 8RM)
Batting: RHB Robby Lewis 0-0: Ball
1-0: Ball
2-0: Called Strike
2-1: Ball
3-1: Base on Balls
Batting: RHB Jesús Gonzáles 0-0: Called Strike
0-1: Foul Ball, location: 2F
0-2: Ground out 5-3 (Groundball, 56)
Bottom of the 8th over - 0 runs, 0 hits, 0 errors, 1 left on base; Nevada 9 - Orlando 1
TOP OF THE 9TH
Nevada Noise batting - Pitching for Orlando Calrissian : LHP Keith Jennings
Now in RF: Sean White
Batting: RHB Luis Cruz 0-0: Called Strike
0-1: Foul Ball, location: 2F
0-2: Ball
1-2: Ground out 5-3 (Groundball, 56)
Batting: RHB Iván Gonzáles 0-0: Ball
1-0: Swinging Strike
1-1: Ball
2-1: SINGLE (Groundball, 56D)
Pitching: RHP José Reyes
Batting: RHB José Aguilera 0-0: Called Strike
0-1: Called Strike
0-2: Strikes out looking
Batting: SHB Nate Rhodes 0-0: Foul Ball, location: 2F
0-1: Foul Ball, location: 2F
0-2: Ball
1-2: Ball
2-2: Foul Ball, location: 2F
2-2: Ball
3-2: Fly out, F7 (Flyball, 7LSF)
Top of the 9th over - 0 runs, 1 hit, 0 errors, 1 left on base; Nevada 9 - Orlando 1
BOTTOM OF THE 9TH
Orlando Calrissian batting - Pitching for Nevada Noise : RHP Cliff Long
Batting: SHB Tim Abbott 0-0: Ball
1-0: Foul Ball, location: 2F
1-1: Foul Ball, location: 2F
1-2: Ground out 4-3 (Groundball, 4)
Batting: RHB Rich Anderson 0-0: Ball
1-0: Foul Ball, location: 2F
1-1: Ball
2-1: Ball
3-1: Base on Balls
Pitching: RHP Daniel Grant
Batting: RHB Raúl Canó 0-0: Ball
1-0: Foul Ball, location: 2F
1-1: Fielders Choice at 2nd, 5-4 (Groundball, 5)
Batting: RHB Gabriel Ángel 0-0: Called Strike
0-1: Ball
1-1: Foul Ball, location: 2F
1-2: Foul Ball, location: 2F
1-2: Ball
2-2: Fly out, F9 (Flyball, 9LS)
Bottom of the 9th over - 0 runs, 0 hits, 0 errors, 1 left on base; Nevada 9 - Orlando 1
Saturday, April 7th, 2018 - OOTP Baseball 18.8 Build 76